 Dungeon Crawl Stone Soup version 0.21-a0-352-g5b8f553 (webtiles) character file.

39 Internecine the Charmwright (level 3, 0/31 HPs)
             Began as a Gnoll Skald on Oct 10, 2017.
             Slain by an orc wizard
             ... wielding a +0 dagger
              (4 damage)
             ... on level 3 of the Dungeon.
             The game lasted 00:15:22 (1658 turns).

Internecine the Charmwright (Gnoll Skald)           Turns: 1658, Time: 00:15:22

Health: 0/31       AC:  3    Str: 13    XL:     3   Next: 47%
Magic:  9/9        EV: 11    Int: 15    God:
Gold:   107        SH:  7    Dex: 15    Spells: 11/12 levels left

rFire    . . .     SeeInvis .   q - +0 dagger (freeze)
rCold    . . .     Gourm    .   k - +0 shield
rNeg     . . .     Faith    .   b - +0 leather armour
rPois    .         Spirit   .   (no helmet)
rElec    .         Reflect  .   (no cloak)
rCorr    .         Harm     .   (no gloves)
MR       .....                  (no boots)
Stlth    +.........             (no amulet)
HPRegen  0.10/turn              (no ring)
MPRegen  0.11/turn              (no ring)

@: no status effects
A: distributed training, fangs 1, strong nose
a: no special abilities


You were on level 3 of the Dungeon.
You were hungry.

You visited 1 branch of the dungeon, and saw 3 of its levels.

You collected 107 gold pieces.

Inventory:

Hand Weapons
 a - a +0 falchion
 j - a +0 hunting sling
 q - a +0 dagger of freezing (weapon)
Missiles
 g - 106 stones (quivered)
 h - 45 bolts
 m - 28 arrows
Armour
 b - a +0 leather armour (worn)
 k - a +0 shield (worn)
 l - a +0 ring mail
 n - a +0 chain mail
Wands
 v - a wand of lightning (5/15)
Scrolls
 e - 4 scrolls of identify {unknown}
 i - 3 scrolls of fog {unknown}
 o - a scroll of enchant armour {unknown}
 r - a scroll of magic mapping {unknown}
Potions
 s - a potion of might {unknown}
 u - a potion of lignification {unknown}
Books
 c - a book of Battle

   Spells                             Type                      Level
   a - Infusion                       Charms                       1
   b - Shroud of Golubria             Charms/Translocation         2
   c - Song of Slaying                Charms                       2
   d - Spectral Weapon                Hexes/Charms                 3
   e - Regeneration                   Charms/Necromancy            3
Comestibles
 d - 2 bread rations
 f - 2 royal jellies
 p - 3 fruits
 t - 3 chunks of flesh
 w - a meat ration


   Skills:
 + Level 4.5 Fighting
 + Level 0.8 Short Blades
 + Level 4.5 Long Blades
 + Level 0.8 Axes
 + Level 0.8 Maces & Flails
 + Level 0.8 Polearms
 + Level 0.8 Staves
 + Level 0.8 Slings
 + Level 0.8 Bows
 + Level 0.8 Crossbows
 + Level 0.8 Throwing
 + Level 2.6 Armour
 + Level 4.5 Dodging
 + Level 0.8 Stealth
 + Level 0.8 Shields
 + Level 0.8 Unarmed Combat
 + Level 5.0 Spellcasting
 + Level 0.8 Conjurations
 + Level 0.8 Hexes
 + Level 6.5 Charms
 + Level 0.8 Summonings
 + Level 0.8 Necromancy
 + Level 0.8 Translocations
 + Level 0.8 Transmutations
 + Level 0.8 Fire Magic
 + Level 0.8 Ice Magic
 + Level 0.8 Air Magic
 + Level 0.8 Earth Magic
 + Level 0.8 Poison Magic
 + Level 0.8 Invocations
 + Level 0.8 Evocations


You had 11 spell levels left.
You knew the following spells:

 Your Spells              Type           Power        Failure   Level  Hunger
a - Infusion              Chrm           ###.         9%          1    None


Dungeon Overview and Level Annotations

Branches:
Dungeon (3/15)

Altars:
Gozag
Ru
Vehumet


Innate Abilities, Weirdness & Mutations

Your experience applies equally to all skills.
You have very sharp teeth.
Your uncanny sense of smell can sniff out nearby items.


Message History

You hear some strange, mumbled words.
A puff of flame appears from out of thin air!
The puff of flame hits you!
You miss something.
You hear some strange, mumbled words.
A puff of flame appears from out of thin air!
The puff of flame hits you!
You barely miss something. Your bite misses something. Something hits you.
You hit something. You freeze something. Something hits you but does no damage.
Something hits you.
* * * LOW HITPOINT WARNING * * *
You closely miss something. You block something's attack. x2
You are feeling hungry.
You barely miss something. Something hits you.
* * * LOW HITPOINT WARNING * * *
You barely miss something. Your bite misses something.
Something hits you but does no damage. x2
You barely miss something. Something hits you but does no damage.
You completely miss something. You bite something. Something hits you.
You die...

# #...###.### #...#
#..# #...# #### ∆ ∆
#...# ∆ #...###### ∆
#### #.#......#
#.... #..>.....#
#.....###......##
#(...(o)@.......##
#.....###........###
#.... #..........#
#$.. #..........#
#.. #..........# #.
#..........# #
#..........#
############


You could see an orc.

Vanquished Creatures
  An adder (D:2)
  A worm (D:3)
  A dart slug (D:3)
  An orc (D:3)
  4 goblins (D:1)
  A hobgoblin (D:2)
  3 jackals (D:1)
  A ball python (D:2)
  4 bats
  2 frilled lizards (D:1)
  4 kobolds (D:1)
  A rat (D:1)
24 creatures vanquished.

Notes
Turn   | Place    | Note
-------+----------+-------------------------------------------
     0 | D:1      | Internecine the Gnoll Skald began the quest for the Orb.
     0 | D:1      | Reached XP level 1. HP: 20/20 MP: 6/6
   278 | D:1      | Reached XP level 2. HP: 26/26 MP: 7/7
  1117 | D:2      | Reached skill level 5 in Spellcasting
  1117 | D:2      | Reached XP level 3. HP: 26/31 MP: 7/9
  1356 | D:2      | Found a sacrificial altar of Ru.
  1437 | D:2      | Found an opulent altar of Gozag.
  1506 | D:3      | Found a radiant altar of Vehumet.
  1658 | D:3      | Slain by an orc wizard

Vault maps used:
D:1:      dpeg_arrival_stone_temple_mockup
D:2:      lemuel_doored_altar, lemuel_round_altar, minmay_misc_feat_square,
          kennysheep_generic_room_13
D:3:      kb_xom_exploding_sheep, overflow_temple_1_default, kennysheep_potato

Skill      XL: |  1  2 |
---------------+-------+-----
Spellcasting   | 5 |  5.0
Fighting       | |  4.5
Short Blades   | |  0.8
Long Blades    | |  4.5
Axes           | |  0.8
Maces & Flails | |  0.8
Polearms       | |  0.8
Staves         | |  0.8
Slings         | |  0.8
Bows           | |  0.8
Crossbows      | |  0.8
Throwing       | |  0.8
Armour         | |  2.6
Dodging        | |  4.5
Stealth        | |  0.8
Shields        | |  0.8
Unarmed Combat | |  0.8
Conjurations   | |  0.8
Hexes          | |  0.8
Charms         | |  6.5
Summonings     | |  0.8
Necromancy     | |  0.8
Translocations | |  0.8
Transmutations | |  0.8
Fire Magic     | |  0.8
Ice Magic      | |  0.8
Air Magic      | |  0.8
Earth Magic    | |  0.8
Poison Magic   | |  0.8
Invocations    | |  0.8
Evocations     | |  0.8

Action                   || total
-------------------------++-------
Melee: Falchion          ||    56
       Bite              ||    15
       Dagger            ||    20
 Fire: Hunting sling     ||    12
Throw: Stone             ||    38
  Eat: Fruit             ||     1
       Chunk             ||     1
Armor: Leather armour    ||    14
Dodge: Dodged            ||    41
Block: Shield            ||    28
       Rpst.: Falchion   ||     8

Table legend:
 A = Spawn XP
 B = Non-spawn XP
 C = Spawn XP percentage of total XP
 D = Spawn monster count
 E = Non-spawn monster count
 F = Spawn count percentage of total count
 G = Total turns spent on level
                    A         B        C        D         E        F      G
               +---------+---------+-------+---------+---------+-------+---------
         Total |       0 |      57 |   0.0 |       0 |      24 |   0.0 |  1658
               +---------+---------+-------+---------+---------+-------+---------
           D:1 |       0 |      24 |   0.0 |       0 |      15 |   0.0 |   786
           D:2 |       0 |      19 |   0.0 |       0 |       5 |   0.0 |   681
           D:3 |       0 |      14 |   0.0 |       0 |       4 |   0.0 |   191
               +---------+---------+-------+---------+---------+-------+---------
